AoeStats
← :)

Lombardia

507401632Analyzed
4v4 RM · 15d ago on Sep 18, 2026· 48m 19s· 8 players
Game mode
Random Map
Map size
Large (8 player)
Population
200
Speed
Normal
Resources
Standard
Victory
Conquest
Starting age
Dark Age
Ending age
Imperial Age
RankedLock teamsTeams togetherTeam positionsShared explorationLock speedFull tech treeHidden civsTurbo modeCheats
Victory
Defeat
🇨🇳 Franks · China
1348
+13
🇦🇷 Mongols · Argentina
1346
+13
🇨🇳 Magyars · China
1309
+14
🇺🇾 Britons · Uruguay
1288
+15
🇺🇸 Poles · United States
1294
-15
🇵🇪 Portuguese · Peru
1292
-15
🇺🇸 Magyars · United States
1263
-13
🇨🇦 Romans · Canada
1238
-12
HappyHalb
7:10 Loom
9:41 Feudal Age
10:33 Double-Bit Axe
12:26 Horse Collar
17:23 Wheelbarrow
20:48 Castle Age
20:17 Bloodlines
19:59 Fletching
20:10 Padded Archer Armor
21:38 Bodkin Arrow
22:54 Bow Saw
23:15 Husbandry
24:49 Ballistics
27:38 Thumb Ring
28:14 Leather Archer Armor
37:50 Imperial Age
38:40 Bracer
39:11 Ring Archer Armor
39:43 Chemistry
39:32 Recurve Bow
40:56 Parthian Tactics
42:44 Heavy Cavalry Archer
48:32 Hand Cart
peterzjx
6:59 Loom
10:38 Feudal Age
12:30 Scale Barding Armor
12:51 Horse Collar
14:33 Forging
19:53 Bloodlines
25:53 Castle Age
28:23 Iron Casting
28:49 Chain Barding Armor
29:19 Husbandry
30:31 Double-Bit Axe
31:42 Wheelbarrow
32:12 Bow Saw
33:06 Szlachta Privileges
34:52 Heavy Plow
38:21 Imperial Age
36:59 Hand Cart
36:29 Town Watch
37:57 Gold Mining
39:37 Cavalier
42:10 Blast Furnace
40:58 Light Cavalry
45:06 Crop Rotation
45:11 Conscription
Theodore
10:47 Feudal Age
9:30 Loom
11:30 Double-Bit Axe
11:28 Horse Collar
15:39 Castle Age
13:57 Gold Mining
14:36 Stone Mining
17:59 Scale Mail Armor
18:10 Forging
22:24 Wheelbarrow
22:27 Bow Saw
22:23 Heavy Plow
28:50 Imperial Age
29:49 Ballistics
31:40 Chemistry
30:28 Heavy Scorpion
31:08 Pikeman
31:49 Squires
33:20 Ballistas
33:41 Siege Engineers
33:18 Halberdier
33:32 Capped Ram
34:44 Siege Ram
36:53 Conscription
41:25 Chain Mail Armor
41:45 Iron Casting
Dr. House
7:13 Loom
10:15 Feudal Age
11:11 Double-Bit Axe
11:18 Gold Mining
12:50 Horse Collar
17:26 Fletching
21:53 Castle Age
22:03 Wheelbarrow
21:35 Padded Archer Armor
22:15 Crossbowman
22:54 Bodkin Arrow
23:20 Thumb Ring
25:05 Ballistics
25:37 Leather Archer Armor
25:56 Hand Cart
26:54 Stone Mining
27:11 Heavy Plow
28:41 Town Watch
29:35 Stone Shaft Mining
34:52 Imperial Age
32:49 Forging
34:20 Iron Casting
34:45 Town Patrol
35:26 Bow Saw
35:04 Arbalester
36:02 Bracer
37:20 Ring Archer Armor
38:38 Chemistry
37:50 Masonry
38:52 Pikeman
39:17 Gambesons
40:54 Conscription
41:33 Circumnavigation
41:55 Siege Engineers
42:09 Fortified Wall
41:40 Elite Organ Gun
43:19 Scale Mail Armor
44:20 Blast Furnace
44:30 Halberdier
45:29 Chain Mail Armor
_Cypress_
7:02 Loom
9:31 Feudal Age
9:59 Double-Bit Axe
12:20 Fletching
21:05 Castle Age
19:35 Padded Archer Armor
21:00 Gold Mining
21:11 Crossbowman
22:21 Bow Saw
22:49 Bodkin Arrow
27:00 Horse Collar
29:18 Ballistics
31:59 Squires
32:16 Leather Archer Armor
34:07 Wheelbarrow
34:58 Stone Mining
39:50 Imperial Age
38:18 Gold Shaft Mining
38:52 Hand Cart
40:37 Bracer
41:02 Yeomen
41:51 Chemistry
41:23 Ring Archer Armor
41:26 Arbalester
42:43 Conscription
49:01 Fortified Wall
:)
7:04 Loom
8:50 Feudal Age
10:09 Double-Bit Axe
10:37 Horse Collar
17:59 Scale Barding Armor
18:05 Forging
20:29 Bloodlines
23:07 Castle Age
24:52 Wheelbarrow
24:28 Bow Saw
24:19 Heavy Plow
26:10 Gold Mining
26:26 Stone Mining
29:45 Hand Cart
30:24 Gold Shaft Mining
29:42 Stone Mining
31:21 Fletching
32:25 Town Watch
36:28 Imperial Age
33:54 Town Watch
34:12 Bodkin Arrow
34:18 Padded Archer Armor
34:38 Husbandry
35:23 Ballistics
36:33 Leather Archer Armor
36:45 Elite Mangudai
37:26 Bracer
39:26 Chemistry
39:31 Gold Shaft Mining
39:33 Stone Shaft Mining
38:48 Onager
39:27 Capped Ram
40:59 Siege Ram
42:08 Drill
帝国时代2--叶枫
11:26 Feudal Age
10:16 Loom
17:06 Horse Collar
18:19 Scale Barding Armor
22:21 Castle Age
20:58 Double-Bit Axe
21:09 Gold Mining
22:06 Bloodlines
23:31 Chain Barding Armor
24:19 Husbandry
27:02 Gold Shaft Mining
26:54 Fletching
27:17 Town Watch
28:57 Heavy Plow
34:05 Wheelbarrow
35:24 Wheelbarrow
38:11 Imperial Age
35:57 Bow Saw
35:49 Stone Mining
37:29 Corvinian Army
38:37 Hand Cart
38:23 Town Patrol
38:37 Cavalier
39:57 Plate Barding Armor
39:56 Crop Rotation
39:50 Conscription
40:25 Paladin
42:15 Bodkin Arrow
42:53 Coinage
43:56 Two-Man Saw
42:57 Light Cavalry
45:24 Banking
47:02 Caravan
48:03 Bracer
深秋
12:25 Feudal Age
16:22 Castle Age
14:53 Double-Bit Axe
20:46 Loom
23:19 Bow Saw
32:02 Imperial Age
29:47 Husbandry
29:55 Gold Mining
30:19 Forging
30:14 Scale Barding Armor
31:37 Wheelbarrow
32:15 Iron Casting
32:21 Cavalier
33:49 Paladin
35:32 Blast Furnace
34:53 Chain Barding Armor
34:55 Conscription
37:00 Gold Shaft Mining
38:24 Plate Barding Armor
42:14 Pikeman
42:40 Gambesons
42:55 Squires
42:40 Arson
42:57 Scale Mail Armor
45:03 Light Cavalry
45:42 Stone Mining
46:05 Caravan
46:36 Coinage
Connection lost

Rejoining the realm…

Still unreachable

The connection could not be restored.

Session expired

The server has moved on; the page needs a fresh start.